 Dungeon Crawl Stone Soup version 0.25-a0-558-g78a2afb0af (webtiles) character file.

Game seed: 2340221874831756019, levelgen mode: classic

231709 EnegeticOcto the Pandemonic (level 17, -7/168 HPs)
             Began as a Deep Dwarf Fighter on Feb 24, 2020.
             Was a High Priest of Makhleb.
             Mangled by a phantasmal warrior (14 damage)
             ... on level 4 of the Depths.
             The game lasted 00:22:03 (15953 turns).

EnegeticOcto the Pandemonic (Deep Dwarf Fighter)   Turns: 15953, Time: 00:22:03

Health: -7/168     AC: 32    Str: 25    XL:     17   Next: 85%
Magic:  0/0        EV: 12    Int: 11    God:    Makhleb [*****.]
Gold:   1758       SH: 15    Dex: 11    Spells: 16/16 levels left

rFire    + + .     SeeInvis +   a - +2 broad axe (vorpal)
rCold    + . .     Gourm    .   p - +2 shield of Resistance {rF+ rC+ MR+}
rNeg     + + +     Faith    .   G - +2 plate armour {rN+}
rPois    .         Spirit   .   q - +2 helmet
rElec    .         Reflect  .   (no cloak)
rCorr    .         Harm     .   t - +2 pair of gloves
MR       ++...                  z - +2 pair of boots
Stlth    ..........             (no amulet)
HPRegen  0.00/turn              R - ring of Wecoxi {+Fly rF+ rN+++ Dex-5 SInv}
MPRegen  0.07/turn              D - ring of protection from magic

@: vulnerable, non-regenerating
A: damage resistance, heal wounds, icy blue scales 1, iridescent scales 1, agile
2, negative energy resistance 1, sense surroundings 2, no potion heal 1, no
regeneration
}: 3/15 runes: decaying, slimy, gossamer
a: Heal Wounds, Minor Destruction, Lesser Servant of Makhleb, Major Destruction,
Greater Servant of Makhleb, Renounce Religion, Evoke Flight


You were on level 4 of the Depths.
You worshipped Makhleb.
Makhleb was extremely pleased with you.
You were not hungry.

You visited 7 branches of the dungeon, and saw 38 of its levels.

You collected 1916 gold pieces.
You spent 158 gold pieces at shops.

Inventory:

Hand Weapons
 a - a +2 vorpal broad axe (weapon)
 B - a +4 war axe of flaming
 J - a +2 vampiric war axe
Missiles
 y - 3 throwing nets (quivered)
Armour
 p - the +2 shield of Resistance (worn) {rF+ rC+ MR+}
   (You found it on level 12 of the Dungeon)

   It protects you from fire.
   It protects you from cold.
   It affects your resistance to hostile enchantments.
 q - a +2 helmet (worn)
 t - a +2 pair of gloves (worn)
 z - a +2 pair of boots (worn)
 G - a +2 plate armour of positive energy (worn)
 L - a +0 pair of boots
Jewellery
 D - a ring of protection from magic (right hand)
 R - the ring of Wecoxi (left hand) {+Fly rF+ rN+++ Dex-5 SInv}
   (You found it on level 5 of the Pits of Slime)

   [ring of protection from fire]

   It affects your dexterity (-5).
   It protects you from fire.
   It renders you almost immune to negative energy.
   It lets you see invisible.
   It lets you fly.
Wands
 b - a wand of paralysis (6)
 r - a wand of flame (54)
 v - a wand of scattershot (4)
 w - a wand of clouds (5)
 x - a wand of polymorph (9)
 H - a wand of acid (3) {@v1}
 K - a wand of digging (4) {@v2}
Scrolls
 c - a scroll of blinking {@r3}
 d - 3 scrolls of enchant armour
 f - 2 scrolls of fog
 h - 9 scrolls of remove curse {@r6}
 l - 4 scrolls of teleportation {@r2}
 s - 5 scrolls of magic mapping {@r5}
 M - a scroll of holy word
 N - a scroll of immolation {@r4}
Potions
 i - a potion of mutation
 j - 2 potions of stabbing {@q5}
 k - 2 potions of might {@q3}
 m - 2 potions of resistance {@q6}
 n - 2 potions of haste {@q4}
 o - 4 potions of berserk rage
 u - a potion of ambrosia
 A - 3 potions of invisibility
 C - 2 potions of cancellation
 E - a potion of magic
 I - 3 potions of lignification {@q7}
 Q - 6 potions of curing {@q1}
Miscellaneous
 F - a phantom mirror
Comestibles
 e - 33 rations


   Skills:
 * Level 14.4 Fighting
 * Level 16.5 Axes
 + Level 12.6 Armour
 + Level 11.4 Dodging
 + Level 13.3 Shields
 * Level 18.7 Invocations


You had 16 spell levels left.
You didn't know any spells.
Your spell library was empty.

Dungeon Overview and Level Annotations

Branches:
Dungeon (15/15)            Temple (1/1) D:5            Lair (5/6) D:11
  Swamp (4/4) Lair:4       Spider (4/4) Lair:2        Slime (5/5) Lair:5
    Orc (0/2) D:12         Depths (4/5) D:15
 Vaults: D:13-14

Altars:
Ashenzari
Cheibriados
Dithmenos
Elyvilon
Fedhas
Gozag
Hepliaklqana
Kikubaaqudgha
Makhleb
Nemelex Xobeh
Okawaru
Qazlal
Ru
Sif Muna
Trog
Uskayaw
Vehumet
Wu Jian
Xom
Yredelemnul
Zin
The Shining One
Beogh
Jiyva

Shops:
D:10 !   D:15 ?   Depths:2 !

Portals:
Hell: Depths:2
Abyss: Depths:2
Ziggurat: Depths:2

Annotations:
D:12 1 runed translucent door
Lair:2 exclusion: oklob plant
Depths:2 exclusions: yaktaur captain and 4 more exclusions
Depths:4 Frederick


Innate Abilities, Weirdness & Mutations

You are resistant to damage.
You can heal yourself by infusing magical energy.
You resist negative energy. (rN+)
You passively map the area around you.
You do not regenerate.
You are partially covered in icy blue scales. (AC +2)
You are partially covered in iridescent scales. (AC +2)
You are very agile. (Dex +4)
Potions are less effective at restoring your health.


Message History

The vampire knight is moderately damaged.
You slash the fire giant! You hit the phantasmal warrior.
You hit the great orb of eyes but do no damage.
You hit the ice dragon but do no damage.
The ice dragon bites you.
* * * LOW HITPOINT WARNING * * *
The ice dragon misses you.
The ice dragon tramples you but does no damage.
You block the fire giant's attack.
Your blizzard demon hits the vampire knight but does no damage.
Your blizzard demon hits the vampire knight!
The phantasmal warrior hits you but does no damage.
The vampire knight gestures at your blizzard demon while chanting.
Your blizzard demon resists with almost no effort.
You catch the helpless vampire knight completely off-guard!
You hit the vampire knight.
The vampire knight is heavily damaged.
You hit the stone giant but do no damage.
You hit the ice dragon but do no damage.
You slice the great orb of eyes!!
You hit the phantasmal warrior but do no damage.
You slash the fire giant!
You block the great orb of eyes's attack.
The stone giant hits you but does no damage.
You block the vampire knight's attack.
The vampire knight hits your blizzard demon with a +4 broad axe!
You block the vampire knight's attack. The ice dragon breathes frost at you.
The blast of cold hits you! You resist.
* * * LOW HITPOINT WARNING * * *
Your blizzard demon barely misses the vampire knight.
Your blizzard demon hits the vampire knight but does no damage.
The phantasmal warrior barely misses you.
The fire giant hits you but does no damage.
You hear a horrible gurgling sound! x5; You hear a shout! x2
Okay, then.
You hit the vampire knight but do no damage.
The vampire knight is heavily damaged.
You hit the fire giant.
You kill the fire giant!
Makhleb accepts your kill.
You feel better.
You barely miss the phantasmal warrior. You barely miss the great orb of eyes.
You closely miss the ice dragon.
You hit the stone giant but do no damage.
The vampire knight hits you with a +4 broad axe.
The vampire knight hits your blizzard demon with a +4 broad axe.
The vampire knight bites you but does no damage.
The great orb of eyes bites you but does no damage.
The stone giant hits you!
The ice dragon bites you but does no damage.
The ice dragon claws you but does no damage.
The ice dragon tramples you but does no damage.
The phantasmal warrior hits you.
Your blizzard demon closely misses the vampire knight.
Your blizzard demon barely misses the vampire knight.
Okay, then.
You slash the vampire knight!
The vampire knight is severely damaged.
You slash the stone giant! You closely miss the ice dragon.
You hit the great orb of eyes.
You hit the phantasmal warrior but do no damage.
You block the vampire knight's attack.
The vampire knight hits your blizzard demon but does no damage.
The vampire knight bites you. The stone giant hits you!!
* * * LOW HITPOINT WARNING * * *
You block the great orb of eyes's attack.
The ice dragon bites you!
* * * LOW HITPOINT WARNING * * *
The ice dragon claws you but does no damage.
The ice dragon barely misses you.
Your blizzard demon hits the vampire knight but does no damage.
Your blizzard demon hits the vampire knight!
The phantasmal warrior hits you!
* * * LOW HITPOINT WARNING * * *
You slash the vampire knight!
You destroy the vampire knight!
Makhleb accepts your kill.
You slash the phantasmal warrior!
You hit the great orb of eyes but do no damage.
You slash the ice dragon!
You hit the stone giant but do no damage.
You block the great orb of eyes's attack.
You block the stone giant's attack.
The ice dragon bites you but does no damage.
The ice dragon claws you but does no damage.
The ice dragon completely misses you. The stone giant hits you!
* * * LOW HITPOINT WARNING * * *
Your blizzard demon hits the stone giant but does no damage.
Your blizzard demon hits the stone giant!
Found a scroll of identify.
Things that are here:
a +4 broad axe; a +0 plate armour
Okay, then.
Okay, then.
You slash the stone giant!
The stone giant is moderately wounded.
You hit the phantasmal warrior but do no damage.
The phantasmal warrior hits you!!
You die...

* *#................* ,
* , ,#................#
* * *
#.##................# ,
......................,
...................... *
..............u.D...# ,
....:.........(@....#
.........(...GWC....#..
..........(...)@2.....?
,.......(.......[.....##
*
........(............#*
#.....................#
##...##.........#.....#
#... #........########
##. ,*##<#.....# *
#.###..## ### *###


You could see Frederick, a brown very ugly thing, an ice dragon, a stone giant,
a great orb of eyes, a phantasmal warrior and a friendly blizzard demon.

Vanquished Creatures
  9 acid blobs
  A sphinx (Depths:1)
  A thorn hunter (Swamp:3)
  Roxanne (Depths:1)
  2 fire giants
  9 azure jellies
  A frost giant (Depths:2)
  A ghost moth (Spider:4)
  An emperor scorpion (Spider:4)
  2 entropy weavers
  4 stone giants
  3 vampire knights
  2 spark wasps (Depths:2)
  An ettin (Depths:2)
  9 death oozes
  3 fire dragons
  3 great orbs of eyes
  3 yaktaur captains (Depths:2)
  2 ogre magi
  Harold (D:10)
  An ice dragon (Depths:3)
  6 hydras
  3 centaur warriors
  3 ghost crabs
  A rakshasa (Depths:2)
  2 catoblepae (Lair:5)
  A shambling mangrove (Swamp:3)
  14 two-headed ogres
  9 death yaks
  An alligator (Swamp:3)
  2 tengu warriors (Depths:2)
  A deep troll earth mage (Depths:3)
  2 deep troll shamans (Depths:3)
  Urug (Lair:5)
  Sonja (Lair:4)
  A spriggan berserker (Depths:2)
  A salamander mystic (Depths:3)
  A fire crab (shapeshifter) (Depths:2)
  2 deep trolls (Depths:3)
  A spriggan druid (Swamp:3)
  A glowing orange brain (Depths:3)
  A spectral hydra (Swamp:4)
  3 swamp dragons
  A necromancer (Depths:2)
  3 phantasmal warriors
  17 wolf spiders
  10 orb spiders
  A deep elf mage (D:14)
  A cyclops (D:13)
  14 ugly things
  A salamander (Depths:3)
  A frost giant zombie (Depths:2)
  2 manticores (Lair:5)
  2 torpor snails
  A black mamba (shapeshifter) (Depths:2)
  2 black mambas
  2 eyes of devastation
  Joseph (D:8)
  A spriggan skeleton (Depths:2)
  A stone giant skeleton (Depths:2)
  7 spiny frogs
  5 demonic crawlers
  A kobold demonologist (D:8)
  A rime drake (Lair:3)
  2 komodo dragons
  4 swamp worm zombies (Swamp:4)
  2 tengu conjurers (Depths:2)
  7 yaktaurs (Depths:2)
  A hydra zombie (Swamp:4)
  2 trolls
  17 jumping spiders
  8 hornets
  3 tyrant leeches
  44 slime creatures
  Prince Ribbit (D:8)
  A polar bear (Lair:3)
  10 blink frogs
  5 bog bodies
  4 alligator zombies (Swamp:4)
  7 hippogriffs
  An ettin skeleton (Depths:2)
  49 redbacks
  4 spriggans
  A shadow (D:11)
  16 tarantellas
  4 small abominations (Depths:2)
  4 wyverns
  A wraith (D:10)
  40 yaks
  8 large abominations (Depths:2)
  A golden eye (shapeshifter) (D:15)
  3 hungry ghosts
  3 basilisks
  A steam dragon (Lair:2)
  A golden eye (Slime:4)
  3 chaos spawn (Depths:2)
  Menkaure (D:5)
  14 vampire mosquitoes
  10 insubstantial wisps
  3 swamp worms
  6 water moccasins
  2 floating eyes
  6 porcupines
  2 swamp dragon zombies (Swamp:4)
  3 ice beasts
  A sky beast (D:11)
  5 phantoms
  2 eyes of draining (Slime:4)
  10 orc warriors
  A black bear (Lair:3)
  24 wolves
  11 ogres
  13 centaurs
  7 crocodiles
  A big kobold (D:5)
  A crocodile (shapeshifter) (Depths:2)
  13 bullfrogs
  A water moccasin zombie (D:11)
  5 scorpions
  18 killer bees
  An electric eel (Lair:5)
  11 howler monkeys
  7 crimson imps
  A bullfrog zombie (D:11)
  2 centaur zombies
  8 jellies
  6 hounds
  7 orc priests
  4 bullfrog skeletons
  5 orc wizards
  2 centaur skeletons
  Ijyb (D:5)
  2 iguanas
  12 worker ants
  A killer bee zombie (D:8)
  2 hound skeletons
  A howler monkey zombie (D:11)
  A worker ant zombie (D:10)
  7 gnolls
  A swamp drake zombie (Swamp:4)
  8 adders
  6 shadow imps
  14 oozes (Lair:2)
  An adder skeleton (D:8)
  2 worms
  9 leopard geckos
  49 orcs
  3 giant cockroaches
  A goblin (D:3)
  A hobgoblin (D:2)
  15 jackals
  A quokka (D:4)
  A ball python (D:5)
  A ball python zombie (D:6)
  3 bats
  A frilled lizard (D:3)
  A jackal skeleton (D:6)
  A kobold (D:2)
  A leopard gecko skeleton (D:2)
  A leopard gecko zombie (D:5)
  2 quokka skeletons
  A butterfly (Lair:5)
  3 fungi
  A plant (Lair:3)
820 creatures vanquished.

Vanquished Creatures (collateral kills)
  the Royal Jelly (Slime:5)
  A bone dragon (Swamp:4)
  7 acid blobs
  2 azure jellies (Slime:3)
  An emperor scorpion (Spider:4)
  A ghost moth (Spider:4)
  A death ooze (Slime:5)
  An ogre mage (Depths:3)
  A rakshasa (Depths:2)
  A great orb of eyes (Slime:5)
  2 two-headed ogres (Depths:3)
  A tengu warrior (Depths:2)
  A death yak (Lair:5)
  A deep troll (Depths:3)
  A flayed ghost (Depths:3)
  A phantasmal warrior (Depths:4)
  A spectral hydra (Swamp:4)
  3 wolf spiders (Spider:4)
  7 orb spiders
  4 shining eyes
  A salamander (Depths:3)
  A moth of wrath (Spider:4)
  3 swamp worm zombies (Swamp:4)
  3 demonic crawlers (Spider:4)
  9 jumping spiders
  2 hydra zombies (Swamp:4)
  5 slime creatures
  A bog body (Swamp:4)
  4 hornets (Spider:4)
  5 redbacks
  6 tarantellas
  A yak (Lair:5)
  A golden eye (Slime:4)
  An insubstantial wisp (Swamp:4)
  A swamp dragon zombie (Swamp:4)
  An eye of draining (Slime:3)
  A centaur (Depths:1)
  A swamp drake zombie (Swamp:4)
86 creatures vanquished.

Vanquished Creatures (others)
  An alligator (Swamp:4)
  A blink frog (shapeshifter) (Depths:2)
  A redback (Spider:1)
  4 insubstantial wisps (Swamp:4)
  A wolf (Lair:2)
  An iguana (D:8)
  A briar patch (Swamp:3)
  8 fungi
  3 plants
21 creatures vanquished.

Grand Total: 927 creatures vanquished

Notes
Turn   | Place    | Note
-------+----------+-------------------------------------------
     0 | D:1      | EnegeticOcto the Deep Dwarf Fighter began the quest for the
                  | Orb.
     0 | D:1      | Reached XP level 1. HP: 20/20 MP: 1/1
    23 | D:2      | Reached XP level 2. HP: 27/27 MP: 1/1
   453 | D:4      | Noticed an ogre
   460 | D:4      | Killed an ogre
   460 | D:4      | Reached skill level 1 in Dodging
   460 | D:4      | Reached XP level 3. HP: 24/34 MP: 2/2
   460 | D:4      | Reached XP level 4. HP: 29/42 MP: 3/3
   665 | D:4      | Found an ornate altar of the Wu Jian Council.
   767 | D:4      | Reached XP level 5. HP: 27/49 MP: 4/4
   912 | D:4      | Found an opulent altar of Gozag.
  1170 | D:5      | Entered Level 5 of the Dungeon
  1253 | D:5      | Reached XP level 6. HP: 45/57 MP: 5/5
  1306 | D:5      | Found a shadowy altar of Dithmenos.
  1440 | D:5      | Found a staircase to the Ecumenical Temple.
  1538 | Temple   | Entered the Ecumenical Temple
  1721 | Temple   | Became a worshipper of Makhleb the Destroyer
  1804 | D:5      | Noticed Menkaure
  1825 | D:5      | Killed Menkaure
  1825 | D:5      | Reached skill level 1 in Invocations
  1963 | D:5      | Reached skill level 2 in Invocations
  1963 | D:5      | Reached XP level 7. HP: 37/66 MP: 5/5
  1969 | D:5      | Noticed a yak
  1978 | D:5      | Killed a yak
  1978 | D:5      | Reached skill level 5 in Axes
  1978 | D:5      | Reached skill level 3 in Invocations
  2082 | D:5      | Noticed Ijyb
  2093 | D:5      | Killed Ijyb
  2462 | D:6      | Reached skill level 5 in Fighting
  2517 | D:6      | Reached XP level 8. HP: 35/74 MP: 7/7
  2602 | D:6      | Reached skill level 4 in Invocations
  2852 | D:7      | Reached * piety under Makhleb
  2859 | D:7      | Reached skill level 5 in Armour
  2859 | D:7      | Reached skill level 5 in Shields
  3057 | D:7      | Reached skill level 5 in Invocations
  3287 | D:7      | Gained mutation: You are partially covered in iridescent
                  | scales. (AC +2) [potion of mutation]
  3287 | D:7      | Gained mutation: You are partially covered in icy blue
                  | scales. (AC +2) [potion of mutation]
  3287 | D:7      | Gained mutation: You evolve. [potion of mutation]
  3545 | D:8      | Noticed a two-headed ogre
  3565 | D:8      | Gained mutation: You passively map the area around you.
                  | [Deep Dwarf growth]
  3565 | D:8      | Reached XP level 9. HP: 47/82 MP: 10/10
  3574 | D:8      | Noticed a two-headed ogre
  3576 | D:8      | Killed a two-headed ogre
  3576 | D:8      | Reached skill level 6 in Invocations
  3588 | D:8      | Killed a two-headed ogre
  3588 | D:8      | Reached ** piety under Makhleb
  3588 | D:8      | Reached skill level 5 in Dodging
  3588 | D:8      | Reached skill level 7 in Invocations
  3605 | D:8      | Noticed a centaur warrior
  3621 | D:8      | Noticed Joseph
  3625 | D:8      | Noticed a kobold demonologist
  3626 | D:8      | Killed a centaur warrior
  3626 | D:8      | Reached skill level 8 in Invocations
  3626 | D:8      | Reached XP level 10. HP: 90/94 MP: 11/13
  3668 | D:8      | Killed Joseph
  3796 | D:8      | Gained mutation: You are agile. (Dex +2) [evolution]
  3796 | D:8      | Lost mutation: You evolve. [end of evolution]
  3970 | D:8      | Found an ancient bone altar of Kikubaaqudgha.
  3984 | D:8      | Reached skill level 9 in Invocations
  3992 | D:8      | Found a hide-covered altar of Uskayaw.
  3998 | D:8      | Found a glowing golden altar of the Shining One.
  4163 | D:8      | Noticed Prince Ribbit
  4176 | D:8      | Killed Prince Ribbit
  4269 | D:9      | Reached *** piety under Makhleb
  4306 | D:9      | You fall into a shaft and drop 3 floors!
  4366 | D:11     | Noticed a red ugly thing
  4391 | D:11     | Killed a red ugly thing
  4411 | D:11     | Noticed a two-headed ogre
  4427 | D:11     | Killed a two-headed ogre
  4427 | D:11     | Reached XP level 11. HP: 68/103 MP: 12/12
  4457 | D:11     | Found an ornate altar of the Wu Jian Council.
  4604 | D:11     | Noticed a death yak
  4604 | D:11     | Noticed a death yak
  4606 | D:11     | Noticed a death yak
  4607 | D:11     | Noticed a death yak
  4609 | D:11     | Noticed a death yak
  4611 | D:11     | Noticed a red ugly thing
  4634 | D:11     | Killed a death yak
  4634 | D:11     | Reached skill level 10 in Invocations
  4646 | D:11     | Killed a death yak
  4656 | D:11     | Killed a death yak
  4659 | D:11     | Killed a red ugly thing
  4659 | D:11     | Killed a death yak
  4660 | D:11     | Killed a death yak
  4660 | D:11     | Reached skill level 10 in Axes
  4696 | D:11     | Found a staircase to the Lair.
  4976 | D:11     | Noticed a skeletal warrior
  4976 | D:11     | Noticed a skeletal warrior
  5008 | D:10     | Entered Level 10 of the Dungeon
  5055 | D:10     | Reached **** piety under Makhleb
  5177 | D:10     | Reached skill level 11 in Invocations
  5202 | D:10     | Noticed Harold
  5235 | D:10     | Killed Harold
  5272 | D:10     | Found Komokeyf's Distillery.
  5634 | D:9      | Noticed a two-headed ogre
  5649 | D:9      | Killed a two-headed ogre
  5649 | D:9      | Reached XP level 12. HP: 105/114 MP: 11/11
  5959 | D:9      | Paralysed by a hornet for 2 turns
  6508 | D:12     | Noticed a centaur warrior
  6521 | D:12     | Killed a centaur warrior
  6646 | D:12     | Found a roughly hewn altar of Beogh.
  6674 | D:12     | Found a staircase to the Orcish Mines.
  6713 | D:12     | Noticed a fire dragon
  6715 | D:12     | Noticed a fire dragon
  6716 | D:12     | Found a runed translucent door.
  6716 | D:12     | Found a runed translucent door.
  6716 | D:12     | Noticed an ice dragon
  6716 | D:12     | Noticed an ice dragon
  6717 | D:12     | Found the +2 shield of Resistance {rF+ rC+ MR+}
  6735 | D:12     | Reached ***** piety under Makhleb
  6839 | Lair:1   | Entered Level 1 of the Lair of Beasts
  6952 | Lair:1   | Reached skill level 12 in Invocations
  7401 | Lair:2   | Found a hole to the Spider Nest.
  7514 | Lair:2   | Reached skill level 10 in Fighting
  8083 | Lair:3   | Reached skill level 10 in Shields
  8377 | Lair:3   | Reached XP level 13. HP: 107/123 MP: 11/11
  8939 | Lair:4   | Reached skill level 13 in Invocations
  9051 | Lair:4   | Found a staircase to the Swamp.
  9058 | Lair:4   | Reached ****** piety under Makhleb
  9253 | Lair:4   | Noticed Sonja
  9261 | Lair:4   | Killed Sonja
  9992 | Lair:5   | Noticed Urug
 10004 | Lair:5   | Killed Urug
 10004 | Lair:5   | Reached skill level 14 in Invocations
 10278 | Lair:5   | Found a viscous altar of Jiyva.
 10278 | Lair:5   | Found a staircase to the Slime Pits.
 10465 | Swamp:1  | Entered Level 1 of the Swamp
 10651 | Swamp:3  | Gained mutation: You resist negative energy. (rN+) [Deep
                  | Dwarf growth]
 10651 | Swamp:3  | Reached XP level 14. HP: 118/135 MP: 13/13
 10786 | Swamp:3  | Reached skill level 10 in Armour
 10870 | Swamp:3  | Noticed a thorn hunter
 10992 | Swamp:3  | Killed a thorn hunter
 10999 | Swamp:4  | Entered Level 4 of the Swamp
 11211 | Swamp:4  | Noticed a balrug
 11250 | Swamp:4  | Noticed a bone dragon
 11262 | Swamp:4  | Reached skill level 15 in Invocations
 11278 | Swamp:4  | Killed a bone dragon
 11291 | Swamp:4  | Got a decaying rune of Zot
 11491 | Spider:1 | Entered Level 1 of the Spider Nest
 11833 | Spider:1 | Reached XP level 15. HP: 143/144 MP: 14/14
 11835 | Spider:1 | You fall into a shaft and drop 1 floor!
 12290 | Spider:4 | Entered Level 4 of the Spider Nest
 12404 | Spider:4 | Reached skill level 16 in Invocations
 12629 | Spider:4 | Killed a ghost moth
 12679 | Spider:4 | Killed a ghost moth
 12683 | Spider:4 | Got a gossamer rune of Zot
 12969 | Slime:1  | Entered Level 1 of the Pits of Slime
 12969 | Slime:1  | Noticed an azure jelly
 12980 | Slime:1  | Killed an azure jelly
 13004 | Slime:3  | Noticed an azure jelly
 13004 | Slime:3  | Noticed an acid blob
 13004 | Slime:3  | Noticed an acid blob
 13010 | Slime:3  | Killed an azure jelly
 13013 | Slime:3  | Killed an acid blob
 13017 | Slime:3  | Killed an acid blob
 13127 | Slime:4  | Noticed an acid blob
 13127 | Slime:4  | Noticed an azure jelly
 13139 | Slime:3  | Killed an azure jelly
 13139 | Slime:3  | Reached XP level 16. HP: 125/154 MP: 16/16
 13242 | Slime:4  | Paralysed by a floating eye for 2 turns
 13263 | Slime:4  | Gained mutation: Potions are less effective at restoring
                  | your health. [a shining eye]
 13266 | Slime:4  | Killed an acid blob
 13308 | Slime:4  | Reached skill level 10 in Dodging
 13414 | Slime:5  | Entered Level 5 of the Pits of Slime
 13414 | Slime:5  | Noticed an acid blob
 13471 | Slime:5  | Killed an acid blob
 13471 | Slime:5  | Reached skill level 15 in Axes
 13488 | Slime:5  | Noticed an acid blob
 13494 | Slime:5  | Noticed an acid blob
 13502 | Slime:5  | Noticed the Royal Jelly
 13518 | Slime:5  | Gained mutation: You are very agile. (Dex +4) [a shining
                  | eye]
 13525 | Slime:4  | Noticed an acid blob
 13583 | Slime:4  | Killed an acid blob
 13619 | Slime:4  | Noticed an acid blob
 13636 | Slime:4  | Killed an acid blob
 13636 | Slime:4  | Reached skill level 17 in Invocations
 13742 | Slime:5  | Noticed an acid blob
 13744 | Slime:5  | Noticed an acid blob
 13745 | Slime:5  | Noticed an acid blob
 13795 | Slime:4  | Killed an acid blob
 13982 | Slime:5  | Killed an acid blob
 13983 | Slime:5  | Killed an acid blob
 14053 | Slime:5  | Killed an acid blob
 14096 | Slime:5  | Found a viscous altar of Jiyva.
 14121 | Slime:5  | Noticed an acid blob
 14132 | Slime:5  | Killed an acid blob
 14135 | Slime:5  | Noticed an acid blob
 14145 | Slime:5  | Killed an acid blob
 14166 | Slime:5  | Killed an acid blob
 14169 | Slime:5  | Noticed an acid blob
 14169 | Slime:5  | Noticed an acid blob
 14175 | Slime:5  | Killed an acid blob
 14187 | Slime:5  | Killed an acid blob
 14191 | Slime:5  | Noticed an acid blob
 14193 | Slime:5  | Killed the Royal Jelly
 14196 | Slime:5  | Killed an acid blob
 14236 | Slime:5  | Identified the +0 cloak of Somewhere Else {rC- MR+ Stlth+}
                  | (You found it on level 5 of the Pits of Slime)
 14311 | Slime:5  | Got a crude steel ring
 14312 | Slime:5  | Identified the ring of Wecoxi {+Fly rF+ rN+++ Dex-5 SInv}
                  | (You found it on level 5 of the Pits of Slime)
 14321 | Slime:5  | Got a slimy rune of Zot
 14823 | D:15     | Entered Level 15 of the Dungeon
 14974 | D:15     | Found Uzewk's Magic Scroll Emporium.
 14983 | D:15     | Bought a scroll of magic mapping for 38 gold pieces
 14983 | D:15     | Bought a scroll of enchant weapon for 82 gold pieces
 14983 | D:15     | Bought a scroll of magic mapping for 38 gold pieces
 15014 | D:15     | Reached XP level 17. HP: 128/165 MP: 4/4
 15029 | D:15     | Found a staircase to the Depths.
 15038 | Depths:1 | Entered Level 1 of the Depths
 15038 | Depths:1 | Identified Roxanne's Almanac of Moulding
 15038 | Depths:1 | Noticed Roxanne
 15062 | Depths:1 | Killed Roxanne
 15143 | Depths:2 | Found a gateway to Hell.
 15237 | Depths:2 | Reached skill level 18 in Invocations
 15320 | Depths:2 | Found a gateway to a ziggurat.
 15611 | Depths:2 | Found a one-way gate to the infinite horrors of the Abyss.
 15689 | Depths:2 | Found Jela's Distillery.
 15921 | Depths:4 | Paralysed by a floating eye for 2 turns
 15945 | Depths:4 | Noticed Frederick
 15952 | Depths:4 | HP: 7/168 [stone giant (6)]
 15953 | Depths:4 | Mangled by a phantasmal warrior

Levels and vault maps discovered:
D:1:      dpeg_arrival_line_fractal, layout_basic, minmay_unequal
D:2:      layout_rooms
D:3:      layout_loops_corners, first_ration, gammafunk_ghost_stat_death
D:4:      wad_pebble_path, layout_loops_ring, kennysheep_mini,
          grunt_gozag_breadcrumbs
D:5:      cheibrodos_barr_body, layout_basic, minmay_temple_entry_overgrown,
          serial_curves, eino_curves_01, eino_curves_04, eino_curves_04,
          basic_altar, minmay_misc_feat_rugged, uniq_ijyb, uniq_menkaure
D:6:      layout_basic
D:7:      layout_cave_pools
D:8:      hangedman_cross_stitches, layout_cave_pools,
          grunt_temple_overflow_open, the_bakery, uniq_prince_ribbit1,
          uniq_joseph
D:9:      layout_loops_ring, chequers_serial_rivers_micro_a
D:10:     layout_big_octagon, serial_shops, shop, uniq_harold
D:11:     layout_basic, dpeg_lair_monsters, basic_altar
D:12:     layout_stronghold, david_orc_5, minmay_guarded_unrand_resistance
D:13:     layout_stronghold, uniq_erolcha, uniq_azrael
D:14:     layout_basic, grunt_vaults_entry_tiered, glass_columns_b
D:15:     grunt_enter_depths_hoard, layout_loops_ring, serial_shops, statue_bzr,
          nicolae_shop_temple_entry_statues_fountains, shop_statue, shop,
          nicolae_shop_trees, hangedman_decor_clover_reticule
Temple:   dpeg_five_rooms_temple
Lair:1:   layout_roguey, basic_altar, infiniplex_staircase_pool_2,
          lemuel_fruit_tree, grunt_megastairs_4, lemuel_fruit_fields
Lair:2:   lemuel_slime, layout_hall_layers, spider_nest_entry_webs
Lair:3:   layout_hall_layers, guppyfry_lair_drakes
Lair:4:   layout_regular_city, skrybe_swamp_entry_bodies, uniq_sonja
Lair:5:   nzn_motion_control, layout_gridlike, dpeg_slime_entry_enclosed_altar,
          lemuel_fruit_fields, uniq_urug
Swamp:1:  layout_basic_swamp, evilmike_swamp_ruin_house_5, swamp_pool2
Swamp:2:  cheibrodos_swamp_mausoleum, layout_basic_swamp,
          evilmike_swamp_ruin_house_2, nicolae_swamp_orc_logging_accident
Swamp:3:  layout_basic_swamp, nicolae_swamp_fairy_circle, swamp_pool2
Swamp:4:  swamp_pestilence, layout_basic_swamp, infiniplex_staircase_pool
Spider:1: layout_spider_delve
Spider:2: layout_spider_delve, einodemon_crawler_minivault
Spider:3: layout_spider_delve
Spider:4: guppyfry_spider_rune, nicolae_looking_at_the_future
Slime:1:  layout_caves, nicolae_slime_barrier
Slime:2:  layout_caves
Slime:3:  layout_caves
Slime:4:  layout_caves, cheibrodos_slime_lost_civilization_4
Slime:5
Depths:1: layout_basic, grunt_hell_entry_dis_grunt, mu_enter_wizlab_3,
          rand_demon_pan_entry_8, nicolae_abyss_entry_one_way_or_another,
          nrook_mini_vaults, dpeg_stationary_puzzle
Depths:2: minmay_the_grid_four_pointed_star
          [minmay_the_grid_triangle_9x9_flanged_cone,
          minmay_the_grid_triangle_9x9_steps,
          minmay_the_grid_triangle_9x9_descending_squares,
          minmay_the_grid_triangle_9x9_minimal,
          minmay_the_grid_prize_inner_circle], layout_basic, enter_ziggurat_d,
          serial_shops, nicolae_shop_crystal, hell_entry,
          minmay_room_of_horrors, drop_trap, kennysheep_nondescript,
          minmay_tree_intersection, infiniplex_staircase_trident
Depths:3: grunt_bent_corner, layout_cave_pools, minmay_misc_feat_tiny,
          hangedman_tar_grid_catacomb, serial_shops, shop, nicolae_shop_stone,
          rand_demon_pan_entry_5, drop_trap
Depths:4: minmay_shrinking_squares, layout_cave_pools, abyss_entry, hellmouth_1,
          minmay_misc_feat_alley, infiniplex_staircase_split_hallway,
          serial_bayou_shore_b, uniq_frederick

Skill      XL: |  1  2  3  4  5  6  7  8  9 10 11 12 13 14 15 16 17 |
---------------+----------------------------------------------------+-----
Fighting       | 3 4 5 7 8 9 10 11 12 13 14 | 14.4
Axes           | 3 4 5 6 8 9 10 11 12 13 14 15 16 | 16.5
Dodging        | 1 2 3 4 5 6 7 9 10 11 | 11.4
Armour         | 4 5 6 7 8 9 10 11 12 | 12.6
Shields        | 4 5 6 7 9 10 11 12 13 | 13.3
Invocations    | 2 3 5 8 9 11 12 14 15 16 17 18 | 18.7

Action                   |  1- 3 |  4- 6 |  7- 9 | 10-12 | 13-15 | 16-18 || total
-------------------------+-------+-------+-------+-------+-------+-------++-------
Melee: War axe           |    64 |   110 |   342 |   463 |  1220 |   228 ||  2427
       Hand axe          |       |       |       |   426 |       |       ||   426
       Broad axe         |       |       |       |       |       |   608 ||   608
Throw: Throwing net      |       |       |       |       |       |     1 ||     1
Invok: Lesser Servant of |       |       |       |       |    23 |    18 ||    41
       Greater Servant o |       |       |       |       |     8 |     9 ||    17
 Abil: Heal Wounds       |     1 |     6 |    18 |    27 |     9 |    63 ||   124
Evoke: Wand              |       |       |       |       |     6 |       ||     6
  Use: Scroll            |       |       |    18 |     8 |     8 |    13 ||    47
       Potion            |       |       |     1 |       |     7 |     7 ||    15
 Stab: Distracted        |       |       |       |     1 |    12 |     3 ||    16
       Petrified         |       |       |       |       |     8 |       ||     8
       Paralysed         |       |       |       |       |     2 |     1 ||     3
  Eat: Chunk             |       |     2 |     8 |    17 |    10 |     4 ||    41
       Ration            |       |     1 |       |     1 |     5 |     1 ||     8
Armor: Scale mail        |    48 |    44 |     8 |       |       |       ||   100
       Chain mail        |       |       |   180 |   402 |   801 |    80 ||  1463
       Plate armour      |       |       |       |       |       |   379 ||   379
Dodge: Dodged            |    34 |    43 |   116 |   263 |   657 |   375 ||  1488
Block: Kite shield       |    49 |    60 |   244 |   323 |  1152 |   658 ||  2486
       Tower shield      |       |       |       |   488 |       |       ||   488

Table legend:
 A = Non-vault XP
 B = Vault XP
 C = Vault XP percentage of total XP
 D = Non-vault monster count
 E = Vault monster count
 F = Vault count percentage of total count
                 A         B        C        D         E       F
            +---------+---------+-------+---------+---------+-------
      Total |  202870 |   76403 |  27.4 |     691 |     196 |  22.1
            +---------+---------+-------+---------+---------+-------
        D:2 |      19 |       0 |   0.0 |      10 |       0 |   0.0
        D:3 |       7 |       0 |   0.0 |       4 |       0 |   0.0
        D:4 |     319 |       0 |   0.0 |      15 |       0 |   0.0
        D:5 |      86 |     788 |  90.2 |      10 |      11 |  52.4
        D:6 |     407 |       0 |   0.0 |      15 |       0 |   0.0
        D:7 |     956 |       0 |   0.0 |      29 |       0 |   0.0
        D:8 |    3147 |    3550 |  53.0 |      41 |      12 |  22.6
        D:9 |    1717 |       0 |   0.0 |      14 |       0 |   0.0
       D:10 |    1999 |    1007 |  33.5 |      28 |       1 |   3.4
       D:11 |    4190 |    4601 |  52.3 |      30 |       6 |  16.7
       D:12 |    2392 |     924 |  27.9 |      19 |      22 |  53.7
       D:13 |    2258 |       0 |   0.0 |      13 |       0 |   0.0
       D:14 |     974 |       0 |   0.0 |       2 |       0 |   0.0
       D:15 |    8635 |    2083 |  19.4 |      19 |       2 |   9.5
     Lair:1 |    2936 |     452 |  13.3 |      16 |       1 |   5.9
     Lair:2 |    4273 |     577 |  11.9 |      23 |      21 |  47.7
     Lair:3 |    6257 |     380 |   5.7 |      30 |       2 |   6.2
     Lair:4 |    6886 |    1351 |  16.4 |      38 |       3 |   7.3
     Lair:5 |    8334 |    3314 |  28.5 |      19 |       5 |  20.8
    Swamp:1 |     588 |       0 |   0.0 |       2 |       0 |   0.0
    Swamp:2 |    2960 |       0 |   0.0 |      12 |       0 |   0.0
    Swamp:3 |   12165 |       0 |   0.0 |      26 |       0 |   0.0
    Swamp:4 |    3549 |   11642 |  76.6 |      14 |      38 |  73.1
   Spider:1 |   16237 |       0 |   0.0 |      51 |       0 |   0.0
   Spider:2 |   11081 |     169 |   1.5 |      36 |       1 |   2.7
   Spider:3 |    2614 |       0 |   0.0 |       9 |       0 |   0.0
   Spider:4 |    9391 |   12252 |  56.6 |      31 |      34 |  52.3
    Slime:1 |    1892 |       0 |   0.0 |       1 |       0 |   0.0
    Slime:2 |     765 |       0 |   0.0 |       3 |       0 |   0.0
    Slime:3 |    9492 |       0 |   0.0 |      16 |       0 |   0.0
    Slime:4 |   14137 |    2225 |  13.6 |      25 |       1 |   3.8
    Slime:5 |    7317 |   22498 |  75.5 |      12 |      15 |  55.6
   Depths:1 |    4551 |    1616 |  26.2 |       8 |       1 |  11.1
   Depths:2 |   29194 |    6974 |  19.3 |      40 |      20 |  33.3
   Depths:3 |   16446 |       0 |   0.0 |      25 |       0 |   0.0
   Depths:4 |    4699 |       0 |   0.0 |       5 |       0 |   0.0
            +---------+---------+-------+---------+---------+-------
